 Dungeon Crawl Stone Soup version 0.28-a0-1506-g3893175d92 (webtiles) character file.

Game seed: 4128885934557546561

298 Lekart the Skirmisher (level 6, 0/53 HPs)
             Began as a Draconian Abyssal Knight on Jan 14, 2022.
             Was a Believer of Lugonu.
             Slain by a gnoll sergeant (4 damage)
             ... on level 4 of the Dungeon.
             The game lasted 00:05:25 (4316 turns).

Lekart the Skirmisher (Draconian Abyssal Knight)    Turns: 4316, Time: 00:05:26

Health: 0/53       AC:  8    Str: 16    XL:     6   Next: 13%
Magic:  8/8        EV: 13    Int: 17    God:    Lugonu [**....]
Gold:   203        SH:  0    Dex: 13    Spells: 5/5 levels left

rFire   + . .      SeeInvis .   a - +1 falchion
rCold   . . .      Faith    .   (no shield)
rNeg    . . .      Spirit   .   (armour unavailable)
rPois   +          Reflect  .   (helmet restricted)
rElec   .          Harm     .   (no cloak)
rCorr   +          Rampage  .   (no gloves)
Will    +....                   i - +1 pair of boots
Stlth   +.........              e - amulet of the acrobat
HPRegen 0.17/turn               g - ring "Ixtet" {rPois Will+ rCorr Int+7}
MPRegen 0.11/turn               b - ring of protection from fire

@: no status effects
A: AC +6, unfitting armour, cold-blooded
a: Renounce Religion, Depart the Abyss, Bend Space


You were on level 4 of the Dungeon.
You worshipped Lugonu.
Lugonu was pleased with you.
You visited 1 branch of the dungeon, and saw 5 of its levels.
You visited the Abyss 1 time.

You collected 203 gold pieces.

Inventory:

Hand Weapons
 a - a +1 falchion (weapon)
Armour
 i - a +1 pair of boots (worn)
Jewellery
 b - a ring of protection from fire (right hand)
 e - an amulet of the acrobat (around neck)
 g - the ring "Ixtet" (left hand) {rPois Will+ rCorr Int+7}
   (You found it on level 2 of the Dungeon)

   [ring of willpower]

   Int:       It affects your intelligence (+7).
   rPois:     It protects you from poison.
   rCorr:     It protects you from acid and corrosion.
   Will:      It increases your willpower.
Wands
 h - a wand of iceblast (7)
Scrolls
 c - a scroll of amnesia
 f - a scroll of teleportation
Potions
 j - a potion of haste
 k - a potion of invisibility
 l - a potion of flight


   Skills:
 + Level 4.4 Fighting
 + Level 4.3 Long Blades
 + Level 3.3 Dodging
 * Level 3.4 Invocations


You had 5 spell levels left.
You didn't know any spells.
Your spell library contained the following spells:

 Spells                   Type           Power      Damage    Failure   Level
 Ensorcelled Hibernation  Hex/Ice        0%         N/A       34%         2
 Passwall                 Tmut/Erth      0%         N/A       34%         2
 Gell's Gravitas          Tloc           0%         N/A       56%         3
 Lesser Beckoning         Tloc           0%         N/A       56%         3
 Swiftness                Air            0%         N/A       56%         3
 Teleport Other           Tloc           0%         N/A       56%         3


Dungeon Overview and Level Annotations

Branches:
Dungeon (5/15)             Temple (0/1) D:5

Altars:
Ashenzari
Gozag
Hepliaklqana

Annotations:
D:3 2 transporters


Innate Abilities, Weirdness & Mutations

Your plain brown scales are hard. (AC +6)
You cannot fit into any form of body armour.
You are cold-blooded and may be slowed by cold attacks.


Message History

You hit the gnoll sergeant.
The gnoll sergeant is moderately wounded.
The gnoll sergeant misses you.
You closely miss the gnoll sergeant.
The gnoll sergeant is moderately wounded.
The gnoll sergeant hits you but does no damage.
You barely miss the gnoll sergeant.
The gnoll sergeant is moderately wounded.
The gnoll sergeant closely misses you.
You hit the gnoll sergeant.
You tail-slap the gnoll sergeant, but do no damage.
The gnoll sergeant is moderately wounded.
The gnoll sergeant hits you with a +0 spear!
You hit the gnoll sergeant.
Your tail-slap misses the gnoll sergeant.
The gnoll sergeant is heavily wounded.
The gnoll sergeant barely misses you.
You completely miss the gnoll sergeant.
The gnoll sergeant is heavily wounded.
The gnoll sergeant hits you but does no damage.
You hit the gnoll sergeant.
The gnoll sergeant is severely wounded.
The gnoll sergeant hits you with a +0 spear! x2
* * * LOW HITPOINT WARNING * * *
You hit the gnoll sergeant.
The gnoll sergeant is severely wounded.
The gnoll sergeant misses you. The gnoll sergeant closely misses you.
You hit the gnoll sergeant but do no damage.
The gnoll sergeant is severely wounded.
The gnoll sergeant closely misses you.
You hit the gnoll sergeant.
The gnoll sergeant is severely wounded.
The gnoll sergeant hits you with a +0 spear!
* * * LOW HITPOINT WARNING * * *
You barely miss the gnoll sergeant.
You tail-slap the gnoll sergeant, but do no damage.
The gnoll sergeant is severely wounded.
The gnoll sergeant hits you with a +0 spear.
You die...

######## #####.......
##.#.#.#.#.#. #.#.#.#)#.#.#
##.#.#.#.#.#. #.#.#.#.#.#.#
##.#.#.#.#.#.
#######.#.#.#.#.#.#
#>@....#.#.#.#.#.#.
#g#.##..#.#.#.#.#.#
#<#.####.#.#.#.#.#(
#.#.#...#.#.#.#.#.#
#......#.#.#.#.#.#.
#.#.#...#.#.#.#.#.#
#########.#....#######.....
#...........#.## #.....
####.###....#.# ###.##


You could see a gnoll sergeant.

Vanquished Creatures
  A scorpion (D:4)
  Jessica (D:2)
  2 iguanas
  A hound skeleton (D:4)
  3 gnolls
  5 adders
  A worm (D:4)
  4 dart slugs
  An orc (D:3)
  6 bats
  6 endoplasms
  2 giant cockroaches (D:2)
  3 hobgoblins
  2 jackals (D:1)
  9 kobolds
  2 quokkas
  9 ball pythons
  3 frilled lizards
  8 goblins
  A jackal skeleton (D:4)
  6 rats
  A spectral hobgoblin (D:1)
77 creatures vanquished.

Vanquished Creatures (others)
  8 plants
8 creatures vanquished.

Grand Total: 85 creatures vanquished

Notes
Turn   | Place    | Note
-------+----------+-------------------------------------------
     0 | Abyss:1  | Lekart the Draconian Abyssal Knight began the quest for the
                  | Orb.
     0 | Abyss:1  | Reached XP level 1. HP: 19/19 MP: 2/2
    97 | Abyss:1  | Noticed a brown very ugly thing
    98 | D:1      | Escaped the Abyss
   443 | D:1      | Reached XP level 2. HP: 25/25 MP: 3/3
   719 | D:1      | Found a faded altar of an unknown god.
   955 | D:1      | Reached * piety under Lugonu
  1109 | D:2      | Noticed Jessica
  1115 | D:2      | Killed Jessica
  1116 | D:2      | Reached XP level 3. HP: 24/33 MP: 4/4
  1267 | D:2      | Identified the ring "Ixtet" {rPois Will+ rCorr Int+7}
  1400 | D:2      | Found a hazy altar of Hepliaklqana.
  1537 | D:2      | Reached XP level 4. HP: 9/40 MP: 5/5
  2540 | D:3      | Found a transporter.
  2547 | D:3      | Identified the +0 ring mail of Boredom {rF+ Will+ rCorr
                  | Int+2}
  2547 | D:3      | Noticed a gnoll sergeant
  2651 | D:3      | Reached XP level 5. HP: 46/46 MP: 7/7
  2920 | D:3      | Found an opulent altar of Gozag.
  2975 | D:3      | Found a transporter.
  3262 | D:4      | Reached ** piety under Lugonu
  3652 | D:4      | Found a broken altar of Ashenzari.
  4037 | D:4      | Reached XP level 6. HP: 52/53 MP: 8/8
  4087 | D:5      | Entered Level 5 of the Dungeon
  4090 | D:5      | Found a staircase to the Ecumenical Temple.
  4316 | D:4      | Slain by a gnoll sergeant

Illustrated notes

Levels and vault maps discovered:
D:1:      erik_arrival_triangle_small, layout_loops_ring,
          dreamdust_ecumenical_altar_drowned_temple
D:2:      layout_basic, basic_altar, serial_bayou_pond_b, uniq_jessica
D:3:      layout_loops_ring, grunt_gozag_breadcrumbs,
          gammafunk_ghost_gnarly_gnolls, minmay_crystal_room,
          nicolae_concentric_dashed_squares_wild
D:4:      layout_basic, ashenzari_conservatory_becter, minivault_23,
          minmay_misc_feat_columns
D:5:      layout_loops_cross, minmay_temple_entry_mist, uniq_crazy_yiuf_cottage,
          uniq_sigmund, uniq_blork_the_orc

Skill      XL: |  1  2  3  4  5 |
---------------+----------------+-----
Fighting       | 4 |  4.4
Long Blades    | 3 4 |  4.3
Dodging        | 3 |  3.3
Invocations    | 3 |  3.4

Action                   |  1- 3 |  4- 6 || total
-------------------------+-------+-------++-------
Melee: Falchion          |   100 |   153 ||   253
       Tailslap          |     9 |    25 ||    34
       Punch             |     1 |     4 ||     5
Invok: Depart the Abyss  |     1 |       ||     1
  Use: Potion            |       |     2 ||     2
       Scroll            |       |     9 ||     9
 Stab: Sleeping          |     3 |     1 ||     4
Armor: Skin              |    40 |    43 ||    83
Dodge: Dodged            |    75 |   120 ||   195

Table legend: (Time is in decaauts)
 A = Elapsed time spent in this place.
 B = Non-inter-level travel time spent in this place.
 C = Inter-level travel time spent in this place.
 D = Time resting spent in this place.
 E = Time spent auto-exploring this place.
 F = Levels seen in this place.
 G = Mean time per level.
                   A        B        C        D        E       F      G
               +--------+--------+--------+--------+--------+-----+--------+
         Total |   4366 |   4243 |    123 |    733 |   2834 |   6 |  727.7 |
       Dungeon |   4268 |   4145 |    123 |    733 |   2737 |   5 |  853.6 |
         Abyss |     98 |     98 |      0 |      0 |     97 |   1 |   98.0 |
               +--------+--------+--------+--------+--------+-----+--------+

Top non-repeatable levels by time:
     D:1: 1418 daAuts
     D:4: 937 daAuts
     D:2: 916 daAuts
     D:3: 782 daAuts
     D:5: 214 daAuts
 Abyss:1: 98 daAuts
